2827 views
Uploaded 2021-07-30 23:34:49
Game version 1.32.10
13:23 long 4on4 ladder game on (8)TwilightRuins_LV
Saved by AskeLange
2827 views
Uploaded 2021-07-30 23:34:49
Game version 1.32.10
13:23 long 4on4 ladder game on (8)TwilightRuins_LV


122 units @ 17.1k
/ 2.1k
77 buildings @ 8.5k
/ 3.6k


| Peasant | 18 | 1350 | / | 0 |
| Footman | 4 | 540 | / | 0 |
| Mortar Team | 3 | 540 | / | 210 |
| Flying Machine | 7 | 700 | / | 210 |
| total: | 32 | 3130g | / | 420w |
| Scout Tower | 5 | 150 | / | 100 |
| Arcane Tower | 1 | 70 | / | 50 |
| Guard Tower | 3 | 210 | / | 150 |
| Farm | 8 | 640 | / | 160 |
| Altar of Kings | 1 | 180 | / | 50 |
| Barracks | 1 | 160 | / | 60 |
| Lumber Mill | 1 | 120 | / | 0 |
| Blacksmith | 1 | 140 | / | 60 |
| Arcane Vault | 1 | 130 | / | 30 |
| Town Hall | 1 | 385 | / | 205 |
| Workshop | 2 | 280 | / | 280 |
| Keep | 1 | 320 | / | 210 |
| Castle | 1 | 360 | / | 210 |
| total: | 21 | 2185g | / | 945w |
| 0:02 | Peasant |
| 0:02 | Peasant |
| 0:02 | Peasant |
| 0:04 | Farm |
| 0:07 | Altar of Kings |
| 0:18 | Barracks |
| 0:29 | Peasant |
| 0:29 | Peasant |
| 0:40 | Peasant |
| 0:48 | Farm |
| 0:59 | Peasant |
| 0:59 | Peasant |
| 1:19 | Footman |
| 1:21 | Peasant |
| 1:31 | Peasant |
| 1:39 | Footman |
| 1:44 | Scout Tower |
| 1:49 | Farm |
| 1:50 | Farm |
| 1:55 | Peasant |
| 2:09 | Summon Water Elemental |
| 2:13 | Arcane Tower |
| 2:14 | Peasant |
| 2:24 | Peasant |
| 2:33 | Footman |
| 2:52 | Footman |
| 3:16 | Keep |
| 3:47 | Farm |
| 3:49 | Lumber Mill |
| 4:25 | Blacksmith |
| 5:33 | Brilliance Aura |
| 5:45 | Workshop |
| 5:47 | Workshop |
| 5:49 | Castle |
| 6:19 | Black Gunpowder |
| 6:50 | Mortar Team |
| 6:50 | Farm |
| 6:52 | Farm |
| 7:17 | Farm |
| 7:20 | Mortar Team |
| 7:24 | Mortar Team |
| 7:40 | Refined Gunpowder |
| 7:40 | Imbued Gunpowder |
| 7:57 | Scout Tower |
| 8:30 | Flak Cannons |
| 8:30 | Flying Machine |
| 8:30 | Flying Machine |
| 8:34 | Guard Tower |
| 8:34 | Scout Tower |
| 8:37 | Storm Bolt |
| 8:50 | Scout Tower |
| 9:05 | Flying Machine |
| 9:05 | Flying Machine |
| 9:09 | Guard Tower |
| 9:17 | Guard Tower |
| 9:36 | Arcane Vault |
| 9:39 | Iron Plating |
| 9:45 | Scout Tower |
| 10:07 | Flying Machine |
| 10:21 | Summon Water Elemental |
| 10:26 | Flying Machine |
| 11:26 | Brilliance Aura |
| 11:28 | Storm Bolt |
| 11:33 | Thunder Clap |
| 11:42 | Peasant |
| 11:56 | Peasant |
| 11:56 | Peasant |
| 12:13 | Flying Machine |
| 12:38 | Peasant |
| 12:38 | Peasant |
| 13:11 | Town Hall |
| Right click | 766 |
| Select | 279 |
| Select group | 204 |
| Build/train/purchase | 79 |
| Misc. action | 45 |
| Chat | 42 |
| Assign group | 34 |
| Use ability | 8 |
| Minimap ping | 4 |
| Esc | 2 |


| Boots of Speed | 1 | 250 |
| Scroll of Protection | 1 | 150 |
| total: | 2 | 400g |
| Peasant | 11 | 825 | / | 0 |
| Footman | 15 | 2025 | / | 0 |
| total: | 26 | 2850g | / | 0w |
| Scout Tower | 8 | 240 | / | 160 |
| Arcane Tower | 1 | 70 | / | 50 |
| Guard Tower | 7 | 490 | / | 350 |
| Altar of Kings | 1 | 180 | / | 50 |
| Farm | 8 | 640 | / | 160 |
| Barracks | 2 | 320 | / | 120 |
| Arcane Vault | 1 | 130 | / | 30 |
| Lumber Mill | 1 | 120 | / | 0 |
| Town Hall | 1 | 385 | / | 205 |
| Keep | 2 | 640 | / | 420 |
| Castle | 1 | 360 | / | 210 |
| total: | 22 | 2015g | / | 725w |
| 0:02 | Peasant |
| 0:02 | Peasant |
| 0:05 | Altar of Kings |
| 0:18 | Farm |
| 0:21 | Barracks |
| 0:25 | Peasant |
| 0:37 | Peasant |
| 0:41 | Peasant |
| 0:58 | Farm |
| 1:22 | Footman |
| 1:24 | Peasant |
| 1:45 | Footman |
| 1:46 | Peasant |
| 1:49 | Farm |
| 2:01 | Peasant |
| 2:09 | Summon Water Elemental |
| 2:11 | Footman |
| 2:21 | Barracks |
| 2:28 | Farm |
| 2:41 | Footman |
| 2:57 | Peasant |
| 3:19 | Footman |
| 3:19 | Peasant |
| 3:26 | Footman |
| 3:46 | Farm |
| 3:51 | Defend |
| 4:04 | Footman |
| 4:26 | Footman |
| 5:09 | Footman |
| 5:12 | Keep |
| 5:42 | Brilliance Aura |
| 6:13 | Arcane Vault |
| 6:21 | Footman |
| 6:49 | Farm |
| 6:52 | Lumber Mill |
| 7:34 | Farm |
| 7:35 | Farm |
| 7:36 | Footman |
| 7:55 | Town Hall |
| 8:00 | Scout Tower |
| 8:02 | Scout Tower |
| 8:05 | Scout Tower |
| 8:25 | Footman |
| 8:31 | Arcane Tower |
| 8:33 | Guard Tower |
| 8:38 | Storm Bolt |
| 8:43 | Guard Tower |
| 9:18 | Scout Tower |
| 9:20 | Scout Tower |
| 9:22 | Scout Tower |
| 9:51 | Guard Tower |
| 9:52 | Guard Tower |
| 10:02 | Guard Tower |
| 10:04 | Footman |
| 10:34 | Footman |
| 10:44 | Scout Tower |
| 10:45 | Scout Tower |
| 11:01 | Summon Water Elemental |
| 11:07 | Footman |
| 11:11 | Castle |
| 11:34 | Thunder Clap |
| 11:49 | Boots of Speed |
| 11:53 | Scroll of Protection |
| 12:01 | Peasant |
| 12:02 | Guard Tower |
| Select group | 894 |
| Right click | 633 |
| Select | 228 |
| Build/train/purchase | 112 |
| Assign group | 53 |
| Misc. action | 27 |
| Chat | 21 |
| Use ability | 10 |
| Esc | 3 |
| Minimap ping | 2 |


| Scroll of Regeneration | 3 | 300 |
| Lesser Clarity Potion | 3 | 210 |
| Mechanical Critter | 2 | 100 |
| Potion of Healing | 2 | 300 |
| Potion of Mana | 2 | 400 |
| Scroll of Town Portal | 1 | 350 |
| Scroll of Healing | 2 | 500 |
| Potion of Lesser Invulnerability | 1 | 150 |
| Boots of Speed | 3 | 750 |
| total: | 19 | 3060g |
| Peasant | 10 | 750 | / | 0 |
| Rifleman | 27 | 5535 | / | 810 |
| total: | 37 | 6285g | / | 810w |
| Scout Tower | 4 | 120 | / | 80 |
| Farm | 10 | 800 | / | 200 |
| Blacksmith | 1 | 140 | / | 60 |
| Barracks | 1 | 160 | / | 60 |
| Altar of Kings | 1 | 180 | / | 50 |
| Arcane Vault | 2 | 260 | / | 60 |
| Lumber Mill | 1 | 120 | / | 0 |
| Town Hall | 1 | 385 | / | 205 |
| Keep | 1 | 320 | / | 210 |
| Castle | 1 | 360 | / | 210 |
| total: | 21 | 2165g | / | 715w |
| 0:04 | Peasant |
| 0:04 | Peasant |
| 0:04 | Peasant |
| 0:30 | Peasant |
| 0:30 | Peasant |
| 0:30 | Peasant |
| 0:57 | Farm |
| 1:04 | Blacksmith |
| 1:08 | Barracks |
| 1:11 | Peasant |
| 1:11 | Peasant |
| 1:21 | Altar of Kings |
| 1:33 | Farm |
| 1:54 | Peasant |
| 2:04 | Farm |
| 2:07 | Peasant |
| 2:15 | Rifleman |
| 2:31 | Rifleman |
| 2:31 | Rifleman |
| 2:31 | Rifleman |
| 2:31 | Rifleman |
| 2:31 | Rifleman |
| 2:31 | Rifleman |
| 2:31 | Rifleman |
| 2:31 | Rifleman |
| 2:31 | Rifleman |
| 2:52 | Farm |
| 3:01 | Rifleman |
| 3:27 | Rifleman |
| 3:32 | Storm Bolt |
| 3:44 | Arcane Vault |
| 3:51 | Farm |
| 4:02 | Rifleman |
| 4:02 | Rifleman |
| 4:02 | Rifleman |
| 4:02 | Rifleman |
| 4:02 | Rifleman |
| 4:02 | Rifleman |
| 4:02 | Rifleman |
| 4:02 | Rifleman |
| 4:02 | Rifleman |
| 4:29 | Rifleman |
| 4:54 | Rifleman |
| 4:55 | Black Gunpowder |
| 4:56 | Refined Gunpowder |
| 5:43 | Bash |
| 6:11 | Rifleman |
| 6:11 | Rifleman |
| 6:12 | Studded Leather Armor |
| 7:24 | Rifleman |
| 7:26 | Keep |
| 7:41 | Scroll of Regeneration |
| 7:41 | Lesser Clarity Potion |
| 7:41 | Lesser Clarity Potion |
| 7:46 | Scroll of Regeneration |
| 7:47 | Mechanical Critter |
| 7:47 | Mechanical Critter |
| 8:22 | Lumber Mill |
| 9:13 | Storm Bolt |
| 9:22 | Town Hall |
| 9:29 | Scout Tower |
| 9:30 | Scout Tower |
| 9:32 | Scout Tower |
| 9:33 | Scout Tower |
| 9:35 | Farm |
| 9:37 | Farm |
| 9:37 | Farm |
| 9:38 | Farm |
| 9:39 | Farm |
| 9:42 | Arcane Vault |
| 11:13 | Castle |
| 11:21 | Long Rifles |
| 11:27 | Scroll of Town Portal |
| 11:28 | Potion of Lesser Invulnerability |
| 11:39 | Scroll of Healing |
| 11:45 | Scroll of Healing |
| 12:03 | Boots of Speed |
| 12:03 | Boots of Speed |
| 12:03 | Boots of Speed |
| 12:47 | Rifleman |
| 12:48 | Imbued Gunpowder |
| 13:07 | Holy Light |
| 13:08 | Bash |
| 13:11 | Potion of Healing |
| 13:12 | Potion of Mana |
| 13:12 | Potion of Healing |
| 13:13 | Potion of Mana |
| 13:13 | Scroll of Regeneration |
| 13:13 | Lesser Clarity Potion |
| Right click | 524 |
| Select group | 149 |
| Select | 144 |
| Build/train/purchase | 85 |
| Chat | 30 |
| Use ability | 25 |
| Assign group | 23 |
| Misc. action | 10 |
| Minimap ping | 6 |
| Item give/drop | 1 |

| Anti-magic Potion | 1 | 100 |
| total: | 1 | 100g |
| Wisp | 15 | 900 | / | 0 |
| Chimaera | 12 | 3960 | / | 840 |
| total: | 27 | 4860g | / | 840w |
| Altar of Elders | 1 | 180 | / | 50 |
| Moon Well | 6 | 1080 | / | 240 |
| Hunter's Hall | 1 | 210 | / | 100 |
| Ancient of Wonders | 1 | 90 | / | 30 |
| Chimaera Roost | 4 | 560 | / | 760 |
| Tree of Ages | 1 | 320 | / | 180 |
| Tree of Eternity | 1 | 330 | / | 200 |
| total: | 13 | 2120g | / | 1180w |
| 0:03 | Wisp |
| 0:03 | Wisp |
| 0:09 | Altar of Elders |
| 0:13 | Moon Well |
| 0:14 | Moon Well |
| 0:15 | Moon Well |
| 0:16 | Moon Well |
| 0:16 | Moon Well |
| 0:17 | Moon Well |
| 0:27 | Wisp |
| 0:27 | Wisp |
| 0:27 | Wisp |
| 0:27 | Wisp |
| 0:27 | Wisp |
| 0:32 | Wisp |
| 0:32 | Wisp |
| 0:32 | Wisp |
| 1:20 | Wisp |
| 1:22 | Wisp |
| 1:45 | Wisp |
| 1:45 | Wisp |
| 2:16 | Searing Arrows |
| 2:25 | Tree of Ages |
| 4:03 | Hunter's Hall |
| 4:06 | Ancient of Wonders |
| 4:47 | Tree of Eternity |
| 5:22 | Trueshot Aura |
| 6:26 | Strength of the Wild |
| 7:09 | Chimaera Roost |
| 7:11 | Chimaera Roost |
| 7:13 | Chimaera Roost |
| 7:15 | Chimaera Roost |
| 7:45 | Improved Strength of the Wild |
| 8:36 | Chimaera |
| 8:38 | Chimaera |
| 8:39 | Chimaera |
| 8:44 | Trueshot Aura |
| 9:28 | Anti-magic Potion |
| 9:30 | Advanced Strength of the Wild |
| 9:44 | Chimaera |
| 9:49 | Chimaera |
| 9:50 | Chimaera |
| 10:18 | Searing Arrows |
| 10:21 | Chimaera |
| 11:00 | Trueshot Aura |
| 11:03 | Chimaera |
| 11:38 | Corrosive Breath |
| 11:38 | Chimaera |
| 11:43 | Ultravision |
| 12:09 | Wisp |
| 12:18 | Chimaera |
| 12:18 | Chimaera |
| 12:18 | Chimaera |
| 12:39 | Reinforced Hides |
| Right click | 252 |
| Select | 124 |
| Build/train/purchase | 46 |
| Assign group | 17 |
| Select group | 16 |
| Use ability | 15 |
| Item give/drop | 5 |
| Misc. action | 1 |
| Remove unit | 1 |
84 units @ 10.4k
/ 0.9k
44 buildings @ 6.7k
/ 2.3k
Lostomates
(4)
(13:17) : 

| Lesser Clarity Potion | 5 | 350 |
| Potion of Healing | 2 | 300 |
| total: | 7 | 650g |
| Wisp | 12 | 720 | / | 0 |
| Archer | 11 | 1430 | / | 110 |
| total: | 23 | 2150g | / | 110w |
| Ancient Protector | 2 | 270 | / | 160 |
| Altar of Elders | 1 | 180 | / | 50 |
| Moon Well | 4 | 720 | / | 160 |
| Ancient of War | 2 | 300 | / | 120 |
| Ancient of Wonders | 1 | 90 | / | 30 |
| Hunter's Hall | 1 | 210 | / | 100 |
| Tree of Ages | 1 | 320 | / | 180 |
| Tree of Eternity | 1 | 330 | / | 200 |
| total: | 11 | 1770g | / | 620w |
| 0:02 | Wisp |
| 0:03 | Wisp |
| 0:14 | Altar of Elders |
| 0:26 | Moon Well |
| 0:29 | Wisp |
| 0:34 | Ancient of War |
| 0:48 | Wisp |
| 0:48 | Wisp |
| 0:52 | Wisp |
| 1:21 | Wisp |
| 1:37 | Archer |
| 1:41 | Wisp |
| 1:46 | Moon Well |
| 2:03 | Ancient of Wonders |
| 2:06 | Archer |
| 2:22 | Archer |
| 2:26 | Force of Nature |
| 2:37 | Wisp |
| 2:38 | Wisp |
| 2:44 | Wisp |
| 3:04 | Wisp |
| 3:42 | Archer |
| 3:47 | Tree of Ages |
| 5:07 | Archer |
| 5:32 | Ancient of War |
| 5:34 | Hunter's Hall |
| 5:50 | Archer |
| 5:50 | Archer |
| 7:09 | Moon Well |
| 7:11 | Sentinel |
| 7:11 | Archer |
| 7:13 | Archer |
| 7:22 | Lesser Clarity Potion |
| 7:24 | Potion of Healing |
| 7:24 | Lesser Clarity Potion |
| 7:40 | Ultravision |
| 8:29 | Improved Bows |
| 8:34 | Strength of the Moon |
| 8:34 | Improved Strength of the Moon |
| 8:36 | Moon Well |
| 8:59 | Entangling Roots |
| 9:17 | Tree of Eternity |
| 9:34 | Lesser Clarity Potion |
| 9:36 | Potion of Healing |
| 9:44 | Moon Armor |
| 9:55 | Advanced Strength of the Moon |
| 10:07 | Shadow Strike |
| 11:08 | Ancient Protector |
| 11:10 | Archer |
| 11:13 | Archer |
| 11:16 | Lesser Clarity Potion |
| 11:24 | Ancient Protector |
| 11:42 | Nature's Blessing |
| 12:05 | Lesser Clarity Potion |
| Right click | 871 |
| Select group | 447 |
| Select | 298 |
| Misc. action | 250 |
| Assign group | 189 |
| Build/train/purchase | 72 |
| Use ability | 52 |
| Minimap ping | 12 |
| Resource trade | 5 |
| Chat | 4 |
| Remove unit | 1 |

| Healing Salve | 1 | 100 |
| total: | 1 | 100g |
| Peon | 8 | 600 | / | 0 |
| Wind Rider | 11 | 2915 | / | 440 |
| Raider | 3 | 540 | / | 120 |
| Archer | 4 | 520 | / | 40 |
| total: | 26 | 4575g | / | 600w |
| Watch Tower | 2 | 220 | / | 160 |
| Orc Burrow | 4 | 640 | / | 160 |
| Altar of Storms | 1 | 180 | / | 50 |
| War Mill | 1 | 205 | / | 0 |
| Voodoo Lounge | 1 | 130 | / | 30 |
| Beastiary | 2 | 290 | / | 280 |
| Stronghold | 1 | 315 | / | 190 |
| Fortress | 1 | 325 | / | 190 |
| Ancient Protector | 1 | 135 | / | 80 |
| Tree of Eternity | 1 | 330 | / | 200 |
| total: | 12 | 1800g | / | 760w |
| 0:06 | Peon |
| 0:07 | Peon |
| 0:10 | Orc Burrow |
| 0:13 | Altar of Storms |
| 0:26 | Peon |
| 0:48 | Peon |
| 1:05 | War Mill |
| 1:09 | Peon |
| 1:23 | Voodoo Lounge |
| 1:30 | Peon |
| 1:47 | Peon |
| 2:15 | Feral Spirit |
| 2:25 | Watch Tower |
| 2:28 | Watch Tower |
| 2:35 | Orc Burrow |
| 2:48 | Peon |
| 3:06 | Stronghold |
| 3:35 | Spiked Barricades |
| 5:15 | Chain Lighting |
| 5:38 | Beastiary |
| 5:41 | Beastiary |
| 6:13 | Steel Ranged Weapons |
| 6:36 | Orc Burrow |
| 6:46 | Wind Rider |
| 6:48 | Wind Rider |
| 6:51 | Steel Armor |
| 6:53 | Healing Salve |
| 7:09 | Wind Rider |
| 7:28 | Wind Rider |
| 7:32 | Orc Burrow |
| 7:51 | Thorium Ranged Weapons |
| 7:59 | Wind Rider |
| 8:01 | Wind Rider |
| 8:40 | Wind Rider |
| 8:42 | Reinforced Defenses |
| 8:44 | Wind Rider |
| 9:03 | Feral Spirit |
| 10:19 | Chain Lighting |
| 11:06 | Wind Rider |
| 11:07 | Fortress |
| 11:08 | Thorium Armor |
| 11:46 | Wind Rider |
| 11:58 | Wind Rider |
| 12:00 | Raider |
| 12:04 | Steel Melee Weapons |
| 12:14 | Archer |
| 12:15 | Archer |
| 12:15 | Archer |
| 12:15 | Archer |
| 12:19 | Strength of the Moon |
| 12:20 | Moon Armor |
| 12:22 | Ancient Protector |
| 12:31 | Raider |
| 12:47 | Tree of Eternity |
| 12:56 | Raider |
| Right click | 259 |
| Select | 171 |
| Build/train/purchase | 53 |
| Use ability | 10 |
| Remove unit | 3 |
| Minimap ping | 3 |

| Lesser Clarity Potion | 3 | 210 |
| Moonstone | 1 | 50 |
| Staff of Preservation | 1 | 150 |
| total: | 5 | 410g |
| Peasant | 12 | 900 | / | 0 |
| Footman | 3 | 405 | / | 0 |
| Rifleman | 3 | 615 | / | 90 |
| total: | 18 | 1920g | / | 90w |
| Scout Tower | 1 | 30 | / | 20 |
| Arcane Tower | 3 | 210 | / | 150 |
| Altar of Kings | 3 | 540 | / | 150 |
| Farm | 3 | 240 | / | 60 |
| Blacksmith | 1 | 140 | / | 60 |
| Barracks | 1 | 160 | / | 60 |
| Arcane Vault | 1 | 130 | / | 30 |
| total: | 10 | 1240g | / | 380w |
| 0:02 | Peasant |
| 0:02 | Peasant |
| 0:09 | Altar of Kings |
| 0:14 | Altar of Kings |
| 0:18 | Peasant |
| 0:35 | Farm |
| 0:38 | Peasant |
| 0:51 | Peasant |
| 1:00 | Peasant |
| 1:37 | Altar of Kings |
| 1:39 | Blacksmith |
| 1:43 | Barracks |
| 1:54 | Peasant |
| 1:54 | Peasant |
| 1:57 | Farm |
| 2:20 | Peasant |
| 2:25 | Holy Light |
| 2:49 | Footman |
| 3:27 | Footman |
| 3:52 | Rifleman |
| 3:55 | Farm |
| 4:14 | Scout Tower |
| 4:53 | Footman |
| 4:55 | Rifleman |
| 5:15 | Arcane Vault |
| 5:25 | Arcane Tower |
| 5:35 | Rifleman |
| 5:37 | Peasant |
| 6:13 | Peasant |
| 6:13 | Peasant |
| 6:40 | Lesser Clarity Potion |
| 8:39 | Moonstone |
| 8:57 | Devotion Aura |
| 9:28 | Lesser Clarity Potion |
| 12:11 | Staff of Preservation |
| 12:14 | Lesser Clarity Potion |
| Right click | 819 |
| Select group | 364 |
| Select | 230 |
| Build/train/purchase | 79 |
| Use ability | 30 |
| Chat | 19 |
| Misc. action | 17 |
| Assign group | 16 |
| Minimap ping | 6 |
| Esc | 3 |

| Wisp | 7 | 420 | / | 0 |
| Archer | 10 | 1300 | / | 100 |
| total: | 17 | 1720g | / | 100w |
| Altar of Elders | 1 | 180 | / | 50 |
| Moon Well | 7 | 1260 | / | 280 |
| Ancient of War | 1 | 150 | / | 60 |
| Ancient of Wonders | 1 | 90 | / | 30 |
| Hunter's Hall | 1 | 210 | / | 100 |
| Tree of Ages | 1 | 320 | / | 180 |
| total: | 11 | 1890g | / | 520w |
| 0:04 | Wisp |
| 0:05 | Wisp |
| 0:05 | Wisp |
| 0:20 | Altar of Elders |
| 0:46 | Moon Well |
| 0:49 | Wisp |
| 0:49 | Wisp |
| 1:02 | Ancient of War |
| 1:48 | Moon Well |
| 1:52 | Wisp |
| 1:52 | Wisp |
| 2:04 | Archer |
| 2:04 | Archer |
| 2:24 | Archer |
| 2:32 | Moon Well |
| 2:45 | Force of Nature |
| 4:03 | Archer |
| 4:03 | Archer |
| 4:15 | Ancient of Wonders |
| 4:24 | Hunter's Hall |
| 5:33 | Moon Well |
| 6:37 | Tree of Ages |
| 6:42 | Moon Well |
| 6:46 | Archer |
| 6:47 | Archer |
| 6:47 | Archer |
| 6:47 | Archer |
| 6:48 | Archer |
| 6:52 | Strength of the Moon |
| 6:53 | Moon Armor |
| 7:28 | Thorns Aura |
| 7:40 | Moon Well |
| 8:59 | Moon Well |
| Right click | 134 |
| Select | 80 |
| Select group | 31 |
| Build/train/purchase | 24 |
| Use ability | 11 |
| Assign group | 10 |
⇛